 Dungeon Crawl Stone Soup version 0.28.0-47-ge53b351184 (webtiles) character file.

Game seed: 5272065942181713167

26 pkoi the Conjurer (level 2, -6/20 HPs)
             Began as a Demigod Conjurer on May 4, 2022.
             Mangled by an iguana (10 damage)
             ... on level 2 of the Dungeon.
             The game lasted 00:01:03 (1865 turns).

pkoi the Conjurer (Demigod Conjurer)                Turns: 1865, Time: 00:01:04

Health: -6/20      AC:  3    Str:  8    XL:     2   Next: 69%
Magic:  1/7        EV: 12    Int: 20    God:
Gold:   51         SH:  0    Dex: 12    Spells: 3/4 levels left

rFire   . . .      SeeInvis .   d - +0 dagger (flame)
rCold   . . .      Faith    .   (no shield)
rNeg    . . .      Spirit   .   a - +0 robe
rPois   .          Reflect  .   c - +0 helmet
rElec   .          Harm     .   (no cloak)
rCorr   .          Rampage  .   (no gloves)
Will    .....                   (no boots)
Stlth   ++........              (no amulet)
HPRegen 0.06/turn               (no ring)
MPRegen 0.10/turn               (no ring)

@: no status effects
A: high MP 1, forlorn, divine attributes
a: no special abilities


You were on level 2 of the Dungeon.
You visited 1 branch of the dungeon, and saw 2 of its levels.

You collected 51 gold pieces.

Inventory:

Hand Weapons
 d - a +0 dagger of flaming (weapon)
Armour
 a - a +0 robe (worn)
 c - a +0 helmet (worn)
 f - a +0 leather armour of fire resistance
Jewellery
 l - a ring of wizardry
Scrolls
 g - a scroll of fog {unknown}
 h - a scroll of enchant weapon {unknown}
 i - a scroll of blinking {unknown}
 k - a scroll of magic mapping {unknown}
Potions
 b - 2 potions of berserk rage {unknown}
 e - a potion of flight {unknown}
 j - a potion of resistance {unknown}


   Skills:
 - Level 1.7 Dodging
 - Level 1.7 Stealth
 - Level 1.7 Spellcasting
 * Level 4.2 Conjurations
 + Level 0.7 Hexes
 + Level 0.7 Translocations


You had 3 spell levels left.
You knew the following spells:

 Your Spells              Type           Power      Damage    Failure   Level
a - Magic Dart            Conj           72%        1d6       3%          1

Your spell library contained the following spells:

 Spells                   Type           Power      Damage    Failure   Level
 Searing Ray              Conj           36%        2d5       4%          2
 Freeze                   Ice            4%         1d3       16%         1
 Dazzling Flash           Conj/Hex       22%        N/A       19%         3
 Frozen Ramparts          Ice            2%         1d2       43%         3
 Iskenderun's Mystic Bla  Conj/Tloc      11%        2d4       50%         4
 Fulminant Prism          Conj/Hex       5%         3d7       52%         4
 Hailstorm                Conj/Ice       10%        3d5       56%         4


Dungeon Overview and Level Annotations

Branches:
Dungeon (2/15)


Innate Abilities, Weirdness & Mutations

You have an increased reservoir of magic. (+10% MP)
You shall have no god before yourself.
Your divine heritage dramatically boosts your attributes as you level up.


Message History

An iguana comes into view.
The iguana hisses angrily.
An iguana is nearby!
An iguana is nearby!
An iguana is nearby!
The magic dart hits the iguana but does no damage.
The magic dart hits the iguana.
The iguana is moderately wounded.
The iguana bites you!
* * * LOW HITPOINT WARNING * * *
You are too injured to fight recklessly!
You are too injured to fight recklessly!
You are too injured to fight recklessly!
Aiming: Magic Dart (safe; 3% risk of failure)
Press: ? - help, Q - select action Shift-Dir - straight line, f/p - iguana
Aim: an iguana (moderately wounded, 100% to hit)
The magic dart hits the iguana.
The iguana is moderately wounded.
The iguana misses you.
Aiming: Magic Dart (safe; 3% risk of failure)
Press: ? - help, Q - select action Shift-Dir - straight line, f/p - iguana
Aim: an iguana (moderately wounded, 100% to hit)
The magic dart hits the iguana but does no damage.
The iguana is moderately wounded.
The iguana bites you!
* * * LOW HITPOINT WARNING * * *
Aiming: Magic Dart (safe; 3% risk of failure)
Press: ? - help, Q - select action Shift-Dir - straight line, f/p - iguana
Aim: an iguana (moderately wounded, 100% to hit)
The magic dart hits the iguana.
The iguana is heavily wounded.
The iguana completely misses you.
Aiming: Magic Dart (safe; 3% risk of failure)
Press: ? - help, Q - select action Shift-Dir - straight line, f/p - iguana
Aim: an iguana (heavily wounded, 100% to hit)
The magic dart hits the iguana.
The iguana is severely wounded.
The iguana bites you!
Ouch! That really hurt!
You die...

.....##..##...........#
####..####..#####.#.#.#
# ##......######...#.#
# #...............#.# #
#.############..#.# #
#.# ...#..#.# # #.#
.######.#..#.### # #.#
..........>....# # #.#
.######@####.#.# # #.#
#...l....# #####.#
#.#.###### ....#.#
#.#.# #.###.# # #.# #.#
#.# #.# #.# #.# #.. ..#
#.# #.. ### #.#


You could see an iguana.

Vanquished Creatures
  An adder (D:2)
  A dart slug (D:1)
  An endoplasm (D:2)
  2 goblins (D:1)
  2 hobgoblins
  2 jackals (D:1)
  2 quokkas (D:2)
  2 ball pythons
  A bat (D:2)
14 creatures vanquished.

Notes
Turn   | Place    | Note
-------+----------+-------------------------------------------
     0 | D:1      | pkoi the Demigod Conjurer began the quest for the Orb.
     0 | D:1      | Reached XP level 1. HP: 14/14 MP: 5/5
   787 | D:1      | Reached skill level 4 in Conjurations
   827 | D:1      | Reached XP level 2. HP: 20/20 MP: 5/7
  1865 | D:2      | Mangled by an iguana

Illustrated notes

Levels and vault maps discovered:
D:1:      amcnicky_arrival_wind_blow, layout_basic
D:2:      layout_basic, dreamdust_ecumenical_altar_hidden_monk_grotto,
          minmay_close_crescents

Skill      XL: |  1 |
---------------+----+-----
Conjurations   | 4 |  4.2
Dodging        | |  1.7
Stealth        | |  1.7
Spellcasting   | |  1.7
Hexes          | |  0.7
Translocations | |  0.7

Action                   || total
-------------------------++-------
Melee: Dagger            ||    22
       Punch             ||     1
 Cast: Magic Dart        ||    31
Armor: Robe              ||     7
Dodge: Dodged            ||    28
